 Dungeon Crawl Stone Soup version 0.19.1-1-g22dce08 (webtiles) character file.

3459 galech the Blocker (level 9, -14/86 HPs)
             Began as a Deep Dwarf Fighter on Dec 28, 2016.
             Was a Follower of Makhleb.
             Demolished by Gastronok (25 damage)
             ... on level 8 of the Dungeon.
             The game lasted 00:17:33 (6003 turns).

galech the Blocker (Deep Dwarf Fighter)             Turns: 6003, Time: 00:17:34

Health: -14/86     AC: 10    Str: 15    XL:     9   Next: 78%
Magic:  4/4        EV:  8    Int: 16    God:    Makhleb [*.....]
Gold:   405        SH: 11    Dex: 15    Spells: 0 memorised, 8 levels left

rFire  . . .     SeeInvis .     a - +0 war axe
rCold  . . .     Gourm    .     b - +0 scale mail
rNeg   + . .     Faith    +     c - +0 shield
rPois  .         Spirit   .     G - +2 hat
rElec  .         Reflect  .     (no cloak)
rCorr  .         Harm     .     (no gloves)
MR     +....                    (no boots)
Stlth  ..........               t - amulet of faith
                                Q - +2 ring of intelligence
                                u - ring of positive energy

@: non-regenerating, slowed, very slow
A: damage resistance, recharge devices, clever 2, sense surroundings 2,
screaming 1, slow regeneration 3, weak 2
a: Device Recharging, Renounce Religion


You were on level 8 of the Dungeon.
You worshipped Makhleb.
Makhleb was aware of your devotion.
You were not hungry.

You visited 2 branches of the dungeon, and saw 9 of its levels.

You collected 405 gold pieces.

Inventory:

Hand Weapons
 a - a +0 war axe (weapon)
Armour
 b - a +0 scale mail (worn)
 c - a +0 shield (worn)
 D - a +1 leather armour of fire resistance
 G - a +2 hat (worn)
 L - a +0 helmet
Jewellery
 t - an amulet of faith (around neck)
 u - a ring of positive energy (left hand)
 y - an uncursed amulet of rage
 J - an uncursed amulet of magic regeneration
 Q - a +2 ring of intelligence (right hand)
Wands
 e - a wand of heal wounds (0/9)
 H - a wand of slowing (36/48)
Scrolls
 k - a scroll of fear {unknown}
 l - 6 scrolls of teleportation
 m - a scroll of amnesia
 q - a scroll of magic mapping
 r - a scroll of blinking
 v - 3 scrolls of enchant armour
 w - a scroll of random uselessness
 x - 2 scrolls of enchant weapon
 B - a scroll of immolation
 I - a scroll of noise {unknown}
 M - a scroll of identify
 O - a scroll of recharging {unknown}
Potions
 d - 2 potions of might
 g - 2 potions of curing
 h - a potion of agility {unknown}
 i - a potion of invisibility
 n - 2 potions of haste {unknown}
 o - 3 potions of lignification
 s - 2 potions of resistance {unknown}
 z - a potion of brilliance {unknown}
 A - a potion of beneficial mutation {unknown}
 C - a potion of mutation
 E - 2 potions of flight
 N - a potion of cancellation {unknown}
Books
 j - a book of Air

   Spells                             Type                      Level
   a - Shock                          Conjuration/Air              1
   b - Swiftness                      Charms/Air                   2
   c - Repel Missiles                 Charms/Air                   2
   d - Static Discharge               Conjuration/Air              3
   e - Lightning Bolt                 Conjuration/Air              5
Comestibles
 f - 6 bread rations
 p - a meat ration
 F - 6 fruits
 K - 2 beef jerkies


   Skills:
 + Level 7.0 Fighting
 + Level 8.0 Axes
 + Level 8.3 Armour
 + Level 8.4 Shields


You had 8 spell levels left.
You didn't know any spells.

Dungeon Overview and Level Annotations

Branches:
Dungeon (8/15)             Temple (1/1) D:6
   Lair: D:8-11

Altars:
Fedhas
Hepliaklqana
Makhleb
Nemelex Xobeh
Okawaru
Qazlal
Sif Muna
Zin
The Shining One

Annotations:
D:8 Gastronok


Innate Abilities, Weirdness & Mutations

You are resistant to damage.
You can recharge devices by infusing magical energy.
You passively map the area around you.
You do not regenerate.
Your mind is very acute. (Int +4)
You occasionally shout uncontrollably at your foes.
You are very weak. (Str -4)


Message History

You are too injured to fight recklessly!
You are too injured to fight recklessly!
You are too injured to fight recklessly!
You are too injured to fight recklessly!
You are too injured to fight recklessly!
You are too injured to fight recklessly!
You are too injured to fight recklessly!
You are too injured to fight recklessly!
You are too injured to fight recklessly!
You are too injured to fight recklessly!
You are too injured to fight recklessly!
You are too injured to fight recklessly!
You are too injured to fight recklessly!
You are too injured to fight recklessly!
You are too injured to fight recklessly!
You are too injured to fight recklessly!
You are too injured to fight recklessly!
Okay, then.
You fail to use your ability.
Gastronok bites you!!
You die...

, ,..8.8............ ,
, .................. ,
*, ..8................
*, *
...................
8.8................ ,
,,...................,
, *,,#............ ,
*** #<....≈≈.....,,, ,
, *##..@≈≈≈..... , , *
##.≈w≈....8. , , *
#.≈≈......., , * *
##≈≈.......,,, *
#≈...(.... , * ,
###......., , *
#...... , , * #..... ,
, , * , *#####* *


You could see Gastronok.

Vanquished Creatures
  Pikel (D:5)
  Prince Ribbit (D:7)
  Grinder (D:3)
  A hippogriff (D:7)
  2 vampire mosquitoes (D:7)
  An ice beast (D:6)
  2 sky beasts
  2 necrophages
  3 ogres
  A centaur (D:5)
  2 big kobolds
  2 bullfrogs
  A scorpion (D:6)
  A jelly (D:5)
  A crimson imp (D:6)
  A bullfrog zombie (D:6)
  A quasit (D:6)
  2 bullfrog skeletons
  3 orc wizards
  Crazy Yiuf (D:4)
  8 orc priests
  2 hounds
  A centaur skeleton (D:6)
  5 worker ants
  A worker ant zombie (D:5)
  12 gnolls
  6 adders
  A shadow imp (D:7)
  2 oozes
  An adder skeleton (D:4)
  4 worms
  3 dart slugs
  4 leopard geckos
  15 orcs
  A ball python (D:6)
  3 giant cockroaches
  10 goblins
  7 hobgoblins
  6 jackals
  12 kobolds
  A quokka (D:6)
  A ball python skeleton (D:5)
  6 bats
  11 frilled lizards
  A leopard gecko zombie (D:7)
  A quokka skeleton (D:6)
  17 rats
172 creatures vanquished.

Vanquished Creatures (others)
  A jackal (D:5)
1 creature vanquished.

Grand Total: 173 creatures vanquished

Notes
Turn   | Place    | Note
-------+----------+-------------------------------------------
     0 | D:1      | galech the Deep Dwarf Fighter began the quest for the Orb.
     0 | D:1      | Reached XP level 1. HP: 20/20 MP: 1/1
   206 | D:1      | Reached XP level 2. HP: 25/27 MP: 2/2
   931 | D:1      | Reached XP level 3. HP: 24/33 MP: 3/3
  1331 | D:2      | Found an iron altar of Okawaru.
  1450 | D:2      | Found a faded altar of an unknown god.
  1621 | D:2      | Reached XP level 4. HP: 22/42 MP: 4/4
  2300 | D:3      | Noticed Grinder
  2313 | D:3      | Paralysed by Grinder for 4 turns
  2320 | D:3      | Killed Grinder
  2320 | D:3      | Reached XP level 5. HP: 33/50 MP: 5/5
  2320 | D:3      | Reached XP level 6. HP: 38/57 MP: 6/6
  2401 | D:4      | Reached skill level 5 in Armour
  2461 | D:4      | Reached skill level 5 in Shields
  2486 | D:4      | Found a deep blue altar of Sif Muna.
  2487 | D:4      | Found a hazy altar of Hepliaklqana.
  2610 | D:4      | Found a runed door.
  2614 | D:4      | Noticed Crazy Yiuf
  2619 | D:4      | Killed Crazy Yiuf
  2619 | D:4      | Reached XP level 7. HP: 29/64 MP: 6/6
  3112 | D:4      | Reached skill level 5 in Axes
  3479 | D:5      | Entered Level 5 of the Dungeon
  3609 | D:5      | Reached XP level 8. HP: 30/73 MP: 5/5
  3792 | D:5      | Reached skill level 5 in Fighting
  3798 | D:5      | Gained mutation: You occasionally shout uncontrollably at your foes. [mutagenic meat]
  3799 | D:5      | Gained mutation: Your mind is acute. (Int +2) [mutagenic meat]
  4248 | D:5      | Noticed Pikel
  4269 | D:5      | Killed Pikel
  4489 | D:6      | Gained mutation: You passively map the area around you. [Deep Dwarf growth]
  4489 | D:6      | Reached XP level 9. HP: 59/82 MP: 6/6
  4732 | D:6      | Found a staircase to the Ecumenical Temple.
  4738 | Temple   | Entered the Ecumenical Temple
  4754 | Temple   | Became a worshipper of Makhleb the Destroyer
  5181 | D:7      | Found a blossoming altar of Fedhas.
  5224 | D:7      | Noticed Prince Ribbit
  5265 | D:7      | Killed Prince Ribbit
  5540 | D:7      | Gained mutation: You are weak. (Str -2) [mutagenic meat]
  5542 | D:7      | Gained mutation: Your mind is very acute. (Int +4) [mutagenic meat]
  5543 | D:7      | Gained mutation: You are very weak. (Str -4) [mutagenic meat]
  5595 | D:7      | Reached * piety under Makhleb
  5795 | D:7      | Found Ziskauth's Food Shop.
  5966 | D:8      | Noticed Gastronok
  6003 | D:8      | Demolished by Gastronok

Skill      XL: |  1  2  3  4  5  6  7  8  9 |
---------------+----------------------------+-----
Axes           | 3 4 5 6 8 |  8.0
Fighting       | 3 4 5 7 |  7.0
Armour         | 4 5 6 7 8 |  8.3
Shields        | 4 5 6 7 8 |  8.4

Action                   |  1- 3 |  4- 6 |  7- 9 || total
-------------------------+-------+-------+-------++-------
Melee: War axe           |   150 |   124 |   429 ||   703
 Abil: Device Recharging |       |     1 |     4 ||     5
Evoke: Wand              |     1 |     3 |    21 ||    25
  Use: Scroll            |       |       |    13 ||    13
  Eat: Chunk             |     3 |     3 |    12 ||    18
       Meat ration       |       |       |     1 ||     1
       Fruit             |       |       |     1 ||     1
Armor: Scale mail        |    69 |    48 |   193 ||   310
Dodge: Dodged            |    36 |    35 |   135 ||   206
Block: Shield            |    74 |    49 |   276 ||   399
